 Dungeon Crawl Stone Soup version 0.30-a0-371-gad7725a93e (webtiles) character file.

Game seed: 5841421028654535376

198 bande the Trooper (level 5, -5/33 HPs)
             Began as a Gargoyle Fighter on Nov 21, 2022.
             Slain by Menkaure (11 damage)
             ... on level 4 of the Dungeon.
             The game lasted 00:05:02 (2507 turns).

bande the Trooper (Gargoyle Fighter)                Turns: 2507, Time: 00:05:03

Health: -5/33      AC: 15    Str: 19    XL:     5   Next: 77%
Magic:  5/5        EV:  7    Int:  9    God:
Gold:   112        SH:  4    Dex: 11    Spells: 4/4 levels left

rFire   . . .      SeeInvis .    a - +1 war axe (vorpal)
rCold   . . .      Faith    .    c - +0 buckler
rNeg    + . .      Spirit   .    g - +0 chain mail
rPois   ∞          Reflect  .    (no helmet)
rElec   +          Harm     .    (no cloak)
rCorr   .          Rampage  .    (no gloves)
Will    +....                    j - +1 pair of boots
Stlth   ..........               (no amulet)
HPRegen 0.25/turn                k - +4 ring of slaying
MPRegen 0.09/turn                f - ring of willpower

@: no status effects
A: sickness immunity, AC +4, negative energy resistance 1, electricity
resistance, torment resistance 1, petrification resistance
a: no special abilities


You were on level 4 of the Dungeon.
You visited 1 branch of the dungeon, and saw 4 of its levels.

You collected 112 gold pieces.

Inventory:

Hand Weapons
 a - a +1 vorpal war axe (weapon)
Armour
 c - a +0 buckler (worn)
 g - a +0 chain mail (worn)
 j - a +1 pair of boots (worn)
Jewellery
 f - a ring of willpower (right hand)
 h - a +4 ring of evasion
 k - a +4 ring of slaying (left hand)
Scrolls
 i - a scroll of butterflies
 m - 2 scrolls of enchant armour
 o - a scroll of summoning
 q - 3 scrolls of teleportation
Potions
 b - a potion of invisibility
 d - a potion of might
 e - 3 potions of curing
 l - a potion of berserk rage {unknown}
 n - a potion of haste {unknown}


   Skills:
 + Level 4.3 Fighting
 + Level 3.7 Axes
 + Level 4.2 Armour
 - Level 0.2 Dodging
 + Level 3.9 Shields


You had 4 spell levels left.
You didn't know any spells.
Your spell library contained the following spells:

 Spells                   Type           Power      Damage    Failure   Level
 Magic Dart               Conj           0%         1d3       99%         1
 Sandblast                Erth           0%         2d4       99%         1
 Call Imp                 Summ           0%         N/A       100%        2
 Mephitic Cloud           Conj/Pois/Air  0%         N/A       100%        3
 Ozocubu's Armour         Ice            0%         N/A       100%        3
 Portal Projectile        Hex/Tloc       0%         N/A       100%        3
 Dispersal                Tloc           0%         N/A       100%        6
 Ozocubu's Refrigeration  Ice            0%         4d7       100%        7
 Lehudib's Crystal Spear  Conj/Erth      0%         10d2      100%        8


Dungeon Overview and Level Annotations

Branches:
Dungeon (4/15)
 Temple: D:4-7

Altars:
Fedhas
Trog

Annotations:
D:4 Menkaure


Innate Abilities, Weirdness & Mutations

You are immune to sickness and miasma.
Your stone body is resilient. (AC +4)
You are immune to poison.
You resist negative energy. (rN+)
You are resistant to electric shocks. (rElec)
You are resistant to unholy torment.
You are immune to petrification.


Message History

HP restored.
You start waiting.
Done waiting.
You start waiting.
Done waiting.
Items here: )) ÷÷.
You see here a +0 halberd.
Found a dagger.
You see here a +0 dagger.
q - 3 scrolls of teleportation (gained 1) Menkaure and a kobold come into view.
Menkaure shouts!
The kobold shouts!
The kobold throws a stone.
The stone hits you but does no damage.
There are monsters nearby!
Menkaure gestures wildly while chanting.
Menkaure seems to speed up.
Menkaure calls on the powers of darkness!
Your body is wracked with pain!
The kobold throws a stone.
You block the stone. Menkaure hits you! x2
* * * LOW HITPOINT WARNING * * *
You block the kobold's attack.
You are too injured to fight recklessly!
You are too injured to fight recklessly!
You are too injured to fight recklessly!
You are too injured to fight recklessly!
You are too injured to fight recklessly!
You are too injured to fight recklessly!
You are too injured to fight recklessly!
Unknown command.
You slash Menkaure!
Menkaure is heavily damaged.
You miss the kobold.
Menkaure points at you and mumbles some strange words.
You resist with some effort. You block the kobold's attack.
Unknown command.
You hit Menkaure.
Menkaure is severely damaged.
You closely miss the kobold. Menkaure hits you but does no damage.
The kobold hits you but does no damage. Menkaure hits you!
You die...

#####.......##......#
#.......##......#
#.......###.....#
############# #....##
#.......# #......
#.......# ####.##
##.#.......##### #.#
.......).......# #.#
#..M@...###.######.#
#....K....#
#...)....#
###.......#
########## ##.######
... ####


You could see Menkaure (fast) and a kobold.

Vanquished Creatures
  A hound (D:4)
  5 gnolls
  5 adders
  A worm (D:2)
  3 dart slugs
  An orc (D:3)
  6 bats
  7 endoplasms
  2 giant cockroaches (D:4)
  9 goblins
  4 hobgoblins
  9 kobolds
  3 quokkas
  8 ball pythons
  A frilled lizard (D:1)
  6 rats
71 creatures vanquished.

Vanquished Creatures (collateral kills)
  A kobold (D:1)
1 creature vanquished.

Vanquished Creatures (others)
  2 plants (D:3)
2 creatures vanquished.

Grand Total: 74 creatures vanquished

Notes
Turn   | Place    | Note
-------+----------+-------------------------------------------
     0 | D:1      | bande the Gargoyle Fighter began the quest for the Orb.
     0 | D:1      | Reached XP level 1. HP: 14/14 MP: 1/1
    71 | D:1      | Reached XP level 2. HP: 8/19 MP: 2/2
   128 | D:1      | Reached XP level 3. HP: 13/24 MP: 3/3
   557 | D:1      | Got the Secrets of Earth and Shifting
   618 | D:2      | Reached XP level 4. HP: 29/29 MP: 4/4
   997 | D:2      | Found a faded altar of an unknown god.
  1317 | D:3      | Found a blossoming altar of Fedhas.
  1554 | D:3      | Found a bloodstained altar of Trog.
  1987 | D:4      | Reached XP level 5. HP: 31/33 MP: 5/5
  2501 | D:4      | Noticed Menkaure
  2507 | D:4      | Slain by Menkaure

Illustrated notes

Levels and vault maps discovered:
D:1:      dpeg_arrival_line_fractal, layout_rooms, minmay_three_crescents
D:2:      layout_basic, ebering_ecumenical_altar_rust, small_statue_intersection
D:3:      layout_loops_cross, fedhas_altar_1, lemuel_tele_altar
D:4:      layout_loops_cross, mainiacjoe_overflow_paths, uniq_menkaure

Skill      XL: |  1  2  3  4  5 |
---------------+----------------+-----
Axes           | 2 3 |  3.7
Fighting       | 4 |  4.3
Armour         | 4 |  4.2
Dodging        | |  0.2
Shields        | |  3.9

Action                   |  1- 3 |  4- 6 || total
-------------------------+-------+-------++-------
Melee: War axe           |    73 |   110 ||   183
  Use: Scroll            |     4 |     7 ||    11
Armor: Scale mail        |    47 |       ||    47
       Chain mail        |       |    56 ||    56
Dodge: Dodged            |    37 |    49 ||    86
Block: Buckler           |    19 |    28 ||    47

Table legend: (Time is in decaauts)
 A = Elapsed time spent in this place.
 B = Non-inter-level travel time spent in this place.
 C = Inter-level travel time spent in this place.
 D = Time resting spent in this place.
 E = Time spent auto-exploring this place.
 F = Levels seen in this place.
 G = Mean time per level.
                   A        B        C        D        E       F      G
               +--------+--------+--------+--------+--------+-----+--------+
         Total |   2581 |   2553 |     28 |    351 |   1612 |   4 |  645.2 |
       Dungeon |   2581 |   2553 |     28 |    351 |   1612 |   4 |  645.2 |
               +--------+--------+--------+--------+--------+-----+--------+

Top non-repeatable levels by time:
     D:2: 730 daAuts
     D:3: 675 daAuts
     D:1: 635 daAuts
     D:4: 540 daAuts
